 Dungeon Crawl Stone Soup version 0.19.1-1-g22dce08 (webtiles) character file.

406 Gargoyl the Skirmisher (level 6, -7/55 HPs)
             Began as a Ghoul Abyssal Knight on Dec 29, 2016.
             Was a Believer of Lugonu.
             Mangled by Duvessa
             ... wielding a cursed +0 short sword
              (11 damage)
             ... on level 4 of the Dungeon.
             The game lasted 00:06:01 (2267 turns).

Gargoyl the Skirmisher (Ghoul Abyssal Knight)       Turns: 2267, Time: 00:06:01

Health: -7/55      AC: 10    Str: 21    XL:     6   Next: 87%
Magic:  7/7        EV:  8    Int:  7    God:    Lugonu [**....]
Gold:   209        SH:  2    Dex: 10    Spells: 0 memorised, 5 levels left

rFire  . . .     SeeInvis .     a - +1 hand axe
rCold  + . .     Gourm    .     r - +0 chain mail
rNeg   + + +     Faith    .     (no shield)
rPois  ∞         Spirit   .     (no helmet)
rElec  .         Reflect  +     (no cloak)
rCorr  .         Harm     .     b - +0 pair of gloves
MR     .....                    (no boots)
Stlth  ..........               e - +2 amulet of reflection
                                (no ring)
                                (no ring)

@: mighty, flying, rotting
A: rotting body, claws 1, carnivore 3, cold resistance 1, negative energy
resistance 3, slow regeneration 1, torment resistance, unbreathing
a: Depart the Abyss, Bend Space, Renounce Religion


You were on level 4 of the Dungeon.
You worshipped Lugonu.
Lugonu was pleased with you.
You were not hungry.

You visited 1 branch of the dungeon, and saw 4 of its levels.
You visited the Abyss 1 time.

You collected 209 gold pieces.

Inventory:

Hand Weapons
 a - a +1 hand axe (weapon)
 g - a cursed -3 spear
Missiles
 o - 6 steel javelins (quivered)
Armour
 b - a +0 pair of gloves (worn)
 r - a +0 chain mail (worn)
Jewellery
 e - a +2 amulet of reflection (around neck)
Wands
 s - a wand of paralysis (13/24)
Scrolls
 d - a scroll of immolation {unknown}
 i - a scroll of remove curse {unknown}
 j - a scroll of enchant weapon {unknown}
 k - a scroll of noise {unknown}
 l - a scroll of teleportation {unknown}
 q - a scroll of recharging {unknown}
 t - 2 scrolls of identify {unknown}
 v - 3 scrolls of random uselessness {unknown}
 y - a scroll of fog {unknown}
Potions
 f - a potion of brilliance {unknown}
 h - a potion of might
 m - a potion of flight
 n - a potion of cancellation {unknown}
 p - 2 potions of ambrosia {unknown}
 u - 4 potions of curing {unknown}
 w - a potion of heal wounds {unknown}
Comestibles
 c - a meat ration
 x - a chunk of flesh
 z - a royal jelly


   Skills:
 + Level 4.9 Fighting
 + Level 3.8 Axes
 + Level 0.1 Throwing
 * Level 3.2 Armour
 + Level 1.1 Dodging
 * Level 3.9 Invocations


You had 5 spell levels left.
You didn't know any spells.

Dungeon Overview and Level Annotations

Branches:
Dungeon (4/15)
 Temple: D:4-7

Altars:

Annotations:
D:4 Duvessa


Innate Abilities, Weirdness & Mutations

Your body is rotting away.
You thrive on raw meat.
You are immune to poison.
You have sharp fingernails.
You are carnivorous and can eat meat at any time.
Your flesh is cold resistant. (rC+)
You are immune to negative energy. (rN+++)
You regenerate slowly when monsters are visible.
You are immune to unholy pain and torment.
You can survive without breathing.


Message History

Duvessa is moderately wounded.
You hit Dowan.
You kill Dowan!
Lugonu accepts your kill.
Duvessa screams, "No!
How DARE you!"
Duvessa goes berserk!
Duvessa barely misses you. Duvessa hits you with a short sword.
* * * LOW HITPOINT WARNING * * *
It was a potion of flight.
You feel very buoyant.
You fly up into the air.
Duvessa completely misses you. Duvessa hits you with a short sword.
* * * LOW HITPOINT WARNING * * *
Duvessa rages.
Duvessa hits you with a short sword!
* * * LOW HITPOINT WARNING * * *
It was a potion of might.
You feel very mighty all of a sudden. Duvessa hits you but does no damage.
Duvessa hits you with a short sword!
You die...

#...#' #........# #...
#.#.#. #........# #.#.
#.....# ####'#....# ###.#.
#.... ..##.####.# #.....
#...)####.##....#.# #.###.
#.......#.#####.#)# #.#<#.
......###...#...#.#.###.#...
.###. #..e.#.#.#.#.....####
# #.##@#.#.#.####..# #.
#.#.#.#.##....# #.
#.#.#.#.##.##.# ..
#.#.#.#.##.##.# #.
#.#.#.#.##....# #.
#...#...####### #########


You could see Duvessa (berserk).

Vanquished Creatures
  Grinder (D:4)
  Dowan (D:4)
  A howler monkey (D:4)
  6 adders
  A worm (D:2)
  4 dart slugs
  4 leopard geckos
  7 giant cockroaches
  5 goblins
  9 hobgoblins
  A ball python (D:3)
  6 bats
  5 frilled lizards
  9 kobolds
  7 rats
67 creatures vanquished.

Notes
Turn   | Place    | Note
-------+----------+-------------------------------------------
     0 | Abyss:1  | Gargoyl the Ghoul Abyssal Knight began the quest for the Orb.
     0 | Abyss:1  | Reached XP level 1. HP: 19/19 MP: 1/1
    42 | Abyss:1  | Noticed a small abomination
    46 | D:1      | Escaped the Abyss
   217 | D:1      | Reached XP level 2. HP: 20/26 MP: 2/2
   217 | D:1      | Reached * piety under Lugonu
   567 | D:1      | Reached skill level 1 in Dodging
   568 | D:1      | Reached skill level 4 in Fighting
   568 | D:1      | Reached XP level 3. HP: 12/33 MP: 3/3
  1121 | D:2      | Reached XP level 4. HP: 40/40 MP: 4/4
  1306 | D:2      | Reached ** piety under Lugonu
  1841 | D:3      | Reached XP level 5. HP: 40/46 MP: 6/6
  2119 | D:4      | Noticed Grinder
  2137 | D:4      | Paralysed by Grinder for 7 turns
  2160 | D:4      | Killed Grinder
  2160 | D:4      | Reached XP level 6. HP: 40/52 MP: 7/7
  2246 | D:4      | Noticed Dowan
  2248 | D:4      | Noticed Duvessa
  2261 | D:4      | Killed Dowan
  2267 | D:4      | Mangled by Duvessa

Skill      XL: |  1  2  3  4  5 |
---------------+----------------+-----
Armour         | 2 3 |  3.2
Axes           | 2 3 |  3.8
Dodging        | 1 |  1.1
Fighting       | 4 |  4.9
Invocations    | 3 |  3.9
Throwing       | |  0.1

Action                   |  1- 3 |  4- 6 || total
-------------------------+-------+-------++-------
Melee: Hand axe          |    79 |   170 ||   249
Throw: Javelin           |     4 |       ||     4
Invok: Depart the Abyss  |     1 |       ||     1
  Use: Potion            |       |     2 ||     2
  Eat: Chunk             |    20 |    18 ||    38
Armor: Leather armour    |    19 |       ||    19
       Chain mail        |     8 |   131 ||   139
Dodge: Dodged            |    53 |    65 ||   118
Block: Other             |     1 |    13 ||    14
